Map: Ghost River LE

Players

Zorthox

  • Race: Protoss Protoss
  • League: Gold
  • Spawn Location: 11:00

GoEasyOnMe - Winner!

  • Race: Terran Terran
  • League: Platinum
  • Spawn Location: 1:00

VOD

Have the link to the VOD?

Description

Time

  • Played on: March 29, 2024, 7:25 p.m.
  • Length: 18:49
Show
View Real Time Build Order
Export as new Build Order

Zorthox Protoss 

Build Orders: 1 Gate Expand 

Get SALT Encoding   

  12  0:00  Probe  
  13  0:12  Probe  
  14  0:22  Pylon  
  14  0:24  Probe  
  15  0:40  Probe  
  16  0:46  Gateway  
  16  0:57  Probe (Chrono Boost)  
  17  1:02  Assimilator  
  17  1:07  Probe (Chrono Boost)  
  18  1:12  Probe (Chrono Boost)  
  19  1:23  Probe  
  20  1:35  Probe  
  21  1:41  Nexus  
  21  1:44  Cybernetics Core  
  21  1:47  Probe  
  22  1:56  Pylon  
  22  1:59  Assimilator, Probe  
  23  2:18  Probe  
  24  2:27  Stalker  
  24  2:30  Probe  
  24  2:35  Robotics Facility  
  27  2:39  Warp Gate (Chrono Boost)  
  27  2:42  Probe  
  27  2:53  Probe (Chrono Boost)  
  27  2:58  Probe (Chrono Boost)  
  29  3:02  Stalker  
  29  3:05  Probe (Chrono Boost)  
  32  3:09  Probe (Chrono Boost)  
  32  3:10  Probe (Chrono Boost)  
  34  3:17  Gateway  
  34  3:18  Gateway, Probe  
  35  3:20  Probe  
  35  3:22  Observer (Chrono Boost)  
  37  3:30  Probe  
  37  3:33  Probe  
  39  3:37  Stalker  
  41  3:42  Probe  
  41  3:45  Probe  
  43  3:54  Probe  
  44  3:57  Probe  
  45  4:05  Pylon  
  45  4:06  Probe  
  46  4:23  Immortal, Probe  
  46  4:24  Stalker  
  53  4:29  Shield Battery  
  53  4:33  Pylon  
  49  4:48  Stalker  
  49  4:49  Stalker x2  
  51  5:08  Immortal  
  50  5:31  Stalker x3  
  55  5:40  Robotics Bay  
  50  6:01  Probe x2  
  51  6:13  Probe x2  
  53  6:22  Pylon  
  53  6:25  Probe  
  54  6:26  Pylon  
  54  6:27  Pylon  
  54  6:32  Assimilator  
  54  6:33  Assimilator  
  54  6:40  Probe x2  
  56  6:52  Probe x2  
  58  6:58  Shield Battery  
  58  7:01  Shield Battery, Stalker x3  
  60  7:04  Probe x2  
  60  7:07  Pylon  
  66  7:17  Forge  
  66  7:21  Pylon  
  57  7:40  Immortal  
  53  7:55  Probe x2  
  51  8:07  Probe x2 (Chrono Boost)  
  51  8:19  Immortal, Probe (Chrono Boost)  
  57  8:25  Gateway, Probe (Chrono Boost)  
  58  8:27  Gateway, Probe (Chrono Boost)  
  58  8:30  Photon Cannon  
  58  8:31  Probe (Chrono Boost)  
  58  8:33  Probe  
  59  8:34  Photon Cannon  
  59  8:39  Photon Cannon  
  60  8:43  Probe  
  60  8:46  Zealot x2  
  65  8:55  Probe  
  66  8:56  Observer  
  66  8:57  Robotics Bay  
  67  9:07  Probe  
  67  9:08  Probe  
  69  9:19  Probe  
  69  9:20  Probe  
  69  9:23  Gateway  
  71  9:25  Zealot x4, Gateway  
  79  9:31  Probe  
  80  9:50  Pylon  
  80  9:53  Pylon  
  80  9:56  Pylon  
  80  9:58  Gateway  
  80  10:00  Gateway  
  80  10:01  Gateway  
  80  10:05  Gateway  
  80  10:10  Gateway  
  80  10:12  Gateway  
  80  10:15  Pylon  
  80  10:17  Pylon  
  80  10:21  Cybernetics Core, Pylon  
  80  10:26  Pylon  
  80  10:29  Pylon  
  80  10:33  Pylon  
  46  11:04  Stalker x3  
  46  11:05  Stalker  
  45  11:27  Zealot x3  
  45  11:28  Zealot  
  53  11:35  Zealot x6  
  60  11:49  Zealot x4  
  60  11:51  Shield Battery  
  60  11:54  Shield Battery  
  63  12:33  Twilight Council  
  63  12:41  Nexus  
  63  12:43  Pylon  
  63  12:45  Pylon  
  63  12:47  Pylon  
  63  12:56  Robotics Facility  
  63  12:58  Robotics Facility  
  63  13:02  Zealot x8  
  63  13:03  Zealot  
  81  13:26  Charge (Chrono Boost)  
  81  13:51  Zealot  
  81  13:52  Zealot x2  
  81  13:53  Zealot  
  89  14:05  Templar Archives  
  89  14:27  Shield Battery x2  
  87  14:49  Observer x2 (Chrono Boost)  
  83  15:23  High Templar x2  
  83  15:24  High Templar x7  
  83  15:25  High Templar  
  103  15:28  Archon  
  103  15:49  Observer, Pylon x2  
  103  15:51  Observer  
  105  16:00  Archon  
  105  16:01  Archon x3  
  105  16:03  High Templar x3  
  111  16:06  Zealot  
  111  16:07  Zealot x4  
  111  16:08  Zealot x2  
  125  16:17  Archon  
  121  16:57  Pylon x2  
  121  16:58  Pylon  
  121  16:59  Pylon x2  
  121  17:14  Warp Prism  
  43  17:42  Pylon x2  
  43  17:43  Pylon x2  
  41  18:28  Nexus  
  41  18:41  Zealot x2  
Show
View Real Time Build Order
Export as new Build Order

GoEasyOnMe Terran - Winner!

Build Orders:  

Get SALT Encoding   

  12  0:01  SCV  
  13  0:13  SCV  
  14  0:19  Supply Depot  
  14  0:25  SCV  
  15  0:31  Refinery  
  15  0:42  Barracks  
  15  0:46  SCV  
  16  0:58  SCV  
  17  1:06  Refinery  
  17  1:10  SCV  
  18  1:11  Supply Depot  
  18  1:22  SCV  
  19  1:34  SCV  
  19  1:38  Barracks  
  20  1:43  Reaper  
  21  1:48  SCV  
  22  1:57  Ghost Academy  
  22  2:00  SCV  
  23  2:10  Supply Depot  
  23  2:18  Orbital Command  
  23  2:22  Barracks Tech Lab  
  23  2:29  Personal Cloaking  
  23  2:36  Barracks Tech Lab  
  22  2:57  Engineering Bay  
  22  2:58  Ghost  
  24  3:10  Ghost  
  26  3:21  Concussive Shells  
  26  3:22  Barracks  
  26  3:35  Marauder  
  28  3:44  Marauder  
  28  3:47  SCV  
  31  3:57  Marauder  
  33  4:04  Ghost  
  35  4:18  Marine x2  
  37  4:33  Marine  
  37  4:35  Marine  
  39  4:47  Marine  
  39  4:48  Bunker  
  39  4:51  Marine  
  39  4:53  Marine  
  38  5:05  Marine  
  39  5:36  Marine  
  39  5:38  Marine x2  
  40  5:54  Marauder  
  40  5:56  Marauder  
  42  6:15  Marauder  
  42  6:18  Marauder  
  43  6:26  Marine  
  44  6:37  Marauder  
  44  6:39  Marauder  
  45  6:44  Marine  
  46  6:54  Terran Infantry Weapons Level 1  
  46  6:58  Marauder  
  46  7:01  Marauder  
  50  7:02  Marine  
  51  7:20  Marine, Marauder  
  51  7:22  Marauder  
  36  7:38  Marine  
  36  7:41  Marauder  
  36  7:43  Marauder  
  41  7:49  Command Center  
  39  8:02  Marauder  
  39  8:05  Marauder  
  41  8:13  Barracks Tech Lab  
  40  8:25  Marauder  
  40  8:26  Marauder  
  44  8:27  Command Center  
  44  8:36  Bunker  
  44  8:37  Stimpack  
  44  8:40  Ghost  
  46  8:46  Marauder  
  46  8:47  Ghost  
  50  9:05  Refinery  
  50  9:07  Ghost  
  50  9:08  Ghost  
  54  9:12  SCV  
  54  9:16  SCV, Marauder  
  58  9:24  SCV  
  59  9:26  Refinery  
  59  9:28  Terran Infantry Armor Level 1  
  59  9:30  SCV  
  60  9:39  Planetary Fortress  
  60  9:43  SCV  
  61  9:48  Marauder  
  63  9:55  SCV  
  64  10:05  Marauder x2  
  68  10:09  Marauder  
  68  10:10  SCV  
  71  10:22  SCV  
  71  10:26  SCV  
  73  10:34  SCV  
  74  10:38  SCV  
  71  10:46  SCV  
  68  10:50  SCV  
  59  11:33  Ghost x3  
  63  11:53  Command Center  
  63  12:01  Hi-Sec Auto Tracking  
  63  12:02  Ghost x3  
  59  12:30  Ghost x2  
  63  12:41  Marauder  
  65  12:44  Factory  
  65  12:48  Ghost Academy  
  65  12:51  Planetary Fortress  
  65  12:59  Sensor Tower  
  65  13:00  Marauder x2  
  65  13:02  Marauder  
  71  13:06  Neosteel Armor  
  71  13:12  Orbital Command  
  71  13:15  Refinery  
  71  13:21  Marauder  
  73  13:37  Nuke x2  
  73  13:40  Factory Tech Lab  
  73  13:53  Starport  
  73  13:54  Marauder x3  
  79  14:00  Command Center  
  79  14:15  Marauder x3  
  85  14:31  Starport  
  85  14:36  Marauder  
  87  15:01  Nuke x2  
  73  15:16  SCV  
  74  15:21  Medivac x2  
  74  15:26  Marauder x2  
  74  15:28  Ghost, SCV  
  85  15:35  SCV x2  
  87  15:40  SCV  
  88  15:47  SCV x2, Marauder x2  
  94  15:51  Liberator x2  
  94  15:52  SCV  
  94  15:56  Ghost  
  103  15:58  Command Center  
  103  15:59  SCV  
  104  16:04  SCV  
  104  16:08  Marauder  
  105  16:44  Marauder x2  
  105  16:45  Marauder  
  111  16:51  Planetary Fortress  
  111  16:56  SCV  
  112  17:06  Marauder x3  
  117  17:08  SCV  
  80  17:27  Marauder x3  
  76  17:47  Medivac x2  
  76  17:49  Marauder x3  
  86  18:01  Command Center  
  86  18:02  Command Center  
  86  18:10  Marauder x3  
  92  18:17  Refinery  
  92  18:29  SCV  
Tags
 
Add a new tag
Caveats
  • Supply blocks, unpowered buildings, or Contaminate may cause inaccurate times.
  • Supply counts are checked every 10 seconds.